 Dungeon Crawl Stone Soup version 0.25.0-9-g26727b657a (webtiles) character file.

Game seed: 10705946722685587733

222 Gwenloh the Caller (level 5, -1/41 HPs)
             Began as a Demigod Summoner on June 20, 2020.
             Killed by divine providence
             ... invoked by an orc priest
              (11 damage)
             ... on level 3 of the Dungeon.
             The game lasted 00:15:28 (3881 turns).

Gwenloh the Caller (Demigod Summoner)               Turns: 3881, Time: 00:15:28

Health: -1/41      AC:  6    Str: 11    XL:     5   Next: 38%
Magic:  11/11      EV: 13    Int: 21    God:
Gold:   81         SH:  0    Dex: 16    Spells: 2/8 levels left

rFire    . . .     SeeInvis .   a - +1 dagger (freeze)
rCold    . . .     Gourm    .   (no shield)
rNeg     . . .     Faith    .   d - +0 robe
rPois    .         Spirit   .   (no helmet)
rElec    .         Reflect  .   (no cloak)
rCorr    .         Harm     .   f - +2 pair of gloves
MR       .....                  n - +0 pair of boots
Stlth    ++........             (no amulet)
HPRegen  0.13/turn              (no ring)
MPRegen  0.12/turn              (no ring)

@: no status effects
A: high mp 1
a: no special abilities


You were on level 3 of the Dungeon.
You were not hungry.

You visited 1 branch of the dungeon, and saw 3 of its levels.

You collected 81 gold pieces.

Inventory:

Hand Weapons
 a - a +1 dagger of freezing (weapon)
 b - a +0 hunting sling
 t - a +0 spear
Missiles
 j - 76 stones
 m - 18 bolts
 s - 33 poisoned darts (quivered)
 u - 24 sling bullets
Armour
 d - a +0 robe (worn)
 f - a +2 pair of gloves (worn)
 n - a +0 pair of boots (worn)
Scrolls
 g - 3 scrolls of enchant weapon {unknown}
 h - 4 scrolls of remove curse {unknown}
 i - a scroll of magic mapping {unknown}
 l - a scroll of teleportation {unknown}
 r - 2 scrolls of identify {unknown}
 y - a scroll of amnesia {unknown}
 z - 3 scrolls of enchant armour {unknown}
Potions
 e - 2 potions of brilliance {unknown}
 k - a potion of heal wounds {unknown}
 o - a potion of curing {unknown}
 p - 2 potions of stabbing {unknown}
 q - a potion of flight {unknown}
 v - a potion of degeneration {unknown}
 x - a potion of berserk rage {unknown}
 A - a potion of invisibility {unknown}
Comestibles
 c - 5 rations
 w - a chunk of flesh


   Skills:
 * Level 1.8 Fighting
 + Level 0.9 Polearms
 * Level 2.1 Armour
 * Level 3.0 Dodging
 - Level 1.7 Stealth
 + Level 2.3 Spellcasting
 * Level 4.2 Summonings


You had 2 spell levels left.
You knew the following spells:

 Your Spells              Type           Power        Failure   Level  Hunger
a - Summon Small Mammal   Summ           ###.         2%          1    #......
b - Call Imp              Summ           ###.....     3%          2    ##.....
c - Call Canine Familiar  Summ           ###.....     8%          3    ###....

Your spell library contained the following spells:

 Spells                   Type           Power        Failure   Level  Hunger
 Magic Dart               Conj           #...         14%         1    #......
 Blink                    Tloc           N/A          22%         2    ##.....
 Slow                     Hex            #.......     22%         2    ##.....
 Summon Guardian Golem    Hex/Summ       ##......     19%         3    ###....
 Conjure Flame            Conj/Fire      #.......     38%         3    ###....
 Mephitic Cloud           Conj/Pois/Air  #.......     38%         3    ###....
 Summon Ice Beast         Ice/Summ       ##......     52%         4    #####..
 Summon Lightning Spire   Summ/Air       ##......     52%         4    #####..


Dungeon Overview and Level Annotations

Branches:
Dungeon (3/15)


Innate Abilities, Weirdness & Mutations

You have an increased reservoir of magic. (+10% MP)


Message History

The orc priest is lightly wounded.
The orc priest closely misses you.
You closely miss the orc priest.
The orc priest is lightly wounded.
The orc priest looks satisfied for a moment.
You hit the orc priest. You freeze the orc priest.
The orc priest is moderately wounded.
The orc priest closely misses you.
You barely miss the orc priest.
The orc priest is moderately wounded.
The orc priest closely misses you.
You hit the orc priest. You freeze the orc priest.
The orc priest is heavily wounded.
The orc priest hits you.
* * * LOW HITPOINT WARNING * * *
You hit the orc priest. You freeze the orc priest.
The orc priest is severely wounded.
The orc priest mumbles some strange prayers to Beogh against you.
Beogh smites you!
You die...

#..............#
#....#
#..............#
#....#
#..............#
#.#...
################
#.#### #.#...
###############.#...
#...............####
#.###############...
#..@o.# #.## #####.#
# #.# # #o# #o# #.#
#.o(oo.o. #########


You could see an orc priest.

Vanquished Creatures
  An orc priest (D:3)
  2 gnolls (D:2)
  3 adders
  3 worms
  3 dart slugs (D:1)
  2 leopard geckos (D:2)
  7 orcs (D:3)
  3 giant cockroaches
  9 goblins
  11 hobgoblins
  10 jackals
  7 kobolds
  9 bats
  3 frilled lizards
  9 rats
82 creatures vanquished.

Vanquished Creatures (collateral kills)
  An orc priest (D:3)
  An orc wizard (D:3)
  A gnoll (D:2)
  2 worms (D:2)
  A dart slug (D:1)
  3 orcs (D:3)
  A bat (D:3)
  A goblin (D:3)
  2 hobgoblins
  2 jackals (D:3)
  A quokka (D:3)
  A frilled lizard (D:3)
  A kobold (D:3)
  A rat (D:1)
19 creatures vanquished.

Grand Total: 101 creatures vanquished

Notes
Turn   | Place    | Note
-------+----------+-------------------------------------------
     0 | D:1      | Gwenloh the Demigod Summoner began the quest for the Orb.
     0 | D:1      | Reached XP level 1. HP: 14/14 MP: 5/5
   262 | D:1      | Reached XP level 2. HP: 19/22 MP: 5/7
   862 | D:1      | Reached skill level 1 in Armour
  1049 | D:1      | Reached skill level 1 in Fighting
  1049 | D:1      | Reached XP level 3. HP: 28/28 MP: 8/8
  1489 | D:2      | Learned a level 2 spell: Call Imp
  1493 | D:2      | Learned a level 3 spell: Call Canine Familiar
  2040 | D:2      | Reached skill level 4 in Summonings
  2234 | D:2      | Reached XP level 4. HP: 28/35 MP: 6/9
  2436 | D:2      | Noticed a moth of wrath
  2438 | D:2      | Found a bloodstained altar of Trog.
  3068 | D:3      | Found an opulent altar of Gozag.
  3430 | D:3      | Reached XP level 5. HP: 40/40 MP: 11/11
  3881 | D:3      | Killed from afar by an orc priest

Illustrated notes

Levels and vault maps discovered:
D:1:      dpeg_arrival_connections, layout_basic, minmay_misc_feat_columns,
          minmay_misc_feat_x
D:2:      layout_rooms, tgw_trog
D:3:      layout_basic, serial_bayou_pond_e, grunt_gozag_statues

Skill      XL: |  1  2  3  4  5 |
---------------+----------------+-----
Dodging        | 2 3 |  3.0
Spellcasting   | 2 |  2.3
Armour         | 1 2 |  2.1
Fighting       | 1 |  1.8
Summonings     | 4 |  4.2
Polearms       | |  0.9
Stealth        | |  1.7

Action                   |  1- 3 |  4- 6 || total
-------------------------+-------+-------++-------
Melee: Short sword       |    55 |       ||    55
       Unarmed           |     5 |       ||     5
       Dagger            |    18 |    77 ||    95
       Spear             |       |     1 ||     1
 Fire: Hunting sling     |    67 |    78 ||   145
Throw: Stone             |    61 |       ||    61
       Dart              |     1 |       ||     1
 Cast: Summon Small Mamm |     5 |     1 ||     6
       Call Canine Famil |     1 |     7 ||     8
       Call Imp          |     1 |     4 ||     5
 Stab: Distracted        |       |     1 ||     1
  Eat: Chunk             |     4 |     6 ||    10
Armor: Robe              |    16 |    20 ||    36
Dodge: Dodged            |    45 |    53 ||    98
